 Dungeon Crawl Stone Soup version 0.31-a0-564-g3b7de120b3 (webtiles) character file.

Game seed: 668053310964932956

466 Aj7335 the Chopper (level 6, -2/61 (84) HPs)
             Began as a Minotaur Berserker on Aug 17, 2023.
             Was a Priest of Trog.
             Slain by Edmund
             ... wielding a +2 dire flail of draining
              (6 damage)
             ... on level 4 of the Dungeon.
             The game lasted 00:04:51 (3444 turns).

Aj7335 the Chopper (Minotaur Berserker)             Turns: 3444, Time: 00:04:52

HP:   -2/61 (84)    AC:  9    Str: 21    XL:     6   Next: 81%
MP:   5/5           EV:  9    Int:  4    God:    Trog [***...]
Gold: 40            SH:  0    Dex: 12    Spells: 5/5 levels left

rFire   . . .        n - +4 dagger
rCold   . . .        (no shield)
rNeg    . . .        o - +0 chain mail
rPois   .            (helmet restricted)
rElec   .            (no cloak)
rCorr   .            (no gloves)
SInv    .            (no boots)
Will    .....        (no amulet) Stlth
                     (no ring)
HPRegen 0.30/turn    (no ring)
MPRegen 0.09/turn

%: no passive effects
@: berserking, very heavily drained, very quick
A: horns 2, retaliatory headbutt
a: Renounce Religion, Berserk, Trog's Hand


You were on level 4 of the Dungeon.
You worshipped Trog.
Trog was most pleased with you.
You visited 1 branch of the dungeon, and saw 4 of its levels.

You collected 40 gold pieces.

Inventory:

Hand Weapons
 a - a +0 hand axe
 n - a +4 dagger (weapon)
Armour
 o - a +0 chain mail (worn)
Jewellery
 m - a +5 ring of evasion
Wands
 l - a wand of mindburst (14)
Scrolls
 b - a scroll of enchant weapon {unknown}
 c - 7 scrolls of identify {unknown}
 e - 2 scrolls of immolation {unknown}
 h - 4 scrolls of teleportation {unknown}
 j - 4 scrolls of enchant armour {unknown}
Potions
 d - a potion of might {unknown}
 f - 5 potions of haste {unknown}
 g - a potion of mutation {unknown}
 i - a potion of curing {unknown}
 k - 2 potions of lignification {unknown}


   Skills:
 + Level 5.4 Fighting
 + Level 7.2 Axes
 + Level 2.8 Armour
 + Level 3.8 Dodging
 + Level 1.0 Stealth


You had 5 spell levels left.
You didn't know any spells.
Your spell library was empty.

Dungeon Overview and Level Annotations

Branches:
Dungeon (4/15)
 Temple: D:4-7

Altars:

Annotations:
D:4 Edmund


Innate Abilities, Weirdness & Mutations

You have a pair of horns on your head.
You reflexively headbutt those who attack you in melee.


Message History

You feel drained.
Edmund is nearby!
Unknown command.
You puncture Edmund!
Edmund is heavily wounded.
Edmund hits you with a +2 dire flail of draining.
You feel drained.
Edmund is nearby!
Unknown command.
You closely miss Edmund.
Edmund is heavily wounded.
Edmund hits you with a +2 dire flail of draining!
You feel drained.
* * * LOW HITPOINT WARNING * * *
Edmund is nearby!
Unknown command.
A red film seems to cover your vision as you go berserk!
You feel yourself moving faster!
You feel mighty!
Edmund hits you with a +2 dire flail of draining!
* * * LOW HITPOINT WARNING * * *
You feel drained.
* * * LOW HITPOINT WARNING * * *
You closely miss Edmund.
Edmund is heavily wounded.
You hit Edmund.
Edmund is heavily wounded.
Edmund hits you but does no damage.
You feel drained.
You hit Edmund.
Edmund is severely wounded.
Edmund asks, "Have you met my wondrous brother?"
Edmund hits you with a +2 dire flail of draining.
* * * LOW HITPOINT WARNING * * *
You feel drained.
* * * LOW HITPOINT WARNING * * *
You closely miss Edmund. Your headbutt misses Edmund.
Edmund is severely wounded.
You closely miss Edmund. You headbutt Edmund!
Edmund is almost dead.
Edmund hits you with a +2 dire flail of draining.
You die...

####....##.....#
#........>....##
#.##...###.#..#
##.## #.#..# #.#
#.#..# # #.#
#.#..#
##.###.####.....
##................
.......@..........
.#..###@###.... #.
#.# ... # #.[ ..
... . ####


You could see Edmund.

Vanquished Creatures
  Grinder (D:3)
  A hound (D:4)
  Natasha (thrice) (D:2)
  Ijyb (D:3)
  4 adders
  5 worms
  4 dart slugs
  8 orcs
  4 ball pythons (D:1)
  4 bats
  8 endoplasms
  A giant cockroach (D:2)
  7 goblins
  5 hobgoblins
  3 jackals (D:3)
  7 kobolds
  A quokka (D:1)
  2 frilled lizards
  13 rats
82 creatures vanquished.

Notes
Turn   | Place    | Note
-------+----------+-------------------------------------------
     0 | D:1      | Aj7335 the Minotaur Berserker began the quest for the Orb.
     0 | D:1      | Reached XP level 1. HP: 19/19 MP: 0/0
   118 | D:1      | Reached XP level 2. HP: 24/27 MP: 1/1
   124 | D:1      | Reached skill level 4 in Axes
   156 | D:1      | Found a faded altar of an unknown god.
   527 | D:1      | Reached ** piety under Trog
   658 | D:1      | Reached XP level 3. HP: 34/34 MP: 2/2
   821 | D:2      | Noticed Natasha
   824 | D:2      | Killed Natasha
   846 | D:2      | Reached XP level 4. HP: 19/41 MP: 3/3
  1126 | D:2      | Noticed Natasha
  1134 | D:2      | Killed Natasha
  1135 | D:2      | Reached skill level 5 in Axes
  1308 | D:2      | Noticed Natasha
  1316 | D:2      | Killed Natasha
  1317 | D:2      | Reached XP level 5. HP: 47/47 MP: 4/4
  1723 | D:3      | Noticed Grinder
  1735 | D:3      | Killed Grinder
  1736 | D:3      | Reached skill level 5 in Fighting
  1736 | D:3      | Reached skill level 6 in Axes
  1736 | D:3      | Reached XP level 6. HP: 56/56 MP: 5/5
  2108 | D:3      | Reached *** piety under Trog
  2419 | D:3      | Noticed Ijyb
  2424 | D:3      | Killed Ijyb
  2425 | D:3      | Reached skill level 7 in Axes
  2617 | D:3      | Reached skill level 1 in Stealth
  3429 | D:4      | Noticed Edmund
  3442 | D:4      | HP: 3/61 [Edmund/+2 dire flail of draining (1)]
  3444 | D:4      | Slain by Edmund

Illustrated notes

Levels and vault maps discovered:
D:1:      saegor_arrival_simple_c, layout_loops_cross,
          shapermc_ecumenical_altar_notcrosses
D:2:      layout_basic, kennysheep_generic_room_12, uniq_natasha
D:3:      wad_river_or_something, layout_basic, uniq_ijyb, uniq_grinder
D:4:      layout_loops_ring, minmay_fractal_squares_gapless_5,
          uniq_crazy_yiuf_cottage, uniq_edmund

Skill      XL: |  1  2  3  4  5  6 |
---------------+-------------------+-----
Axes           | 4 5 6 7 |  7.2
Fighting       | 4 5 |  5.4
Dodging        | 3 |  3.8
Stealth        | 1 |  1.0
Armour         | |  2.8

Action                     |  1- 3 |  4- 6 || total
---------------------------+-------+-------++-------
  Melee: Hand axe          |    65 |   130 ||   195
         Headbutt          |    10 |    19 ||    29
         Punch             |     1 |     2 ||     3
         Dagger            |       |    23 ||    23
 Invoke: Berserk           |       |     3 ||     3
   Stab: Sleeping          |       |     2 ||     2
 Armour: Animal skin       |     7 |    12 ||    19
         Chain mail        |       |     9 ||     9
         Ring mail         |       |     2 ||     2
  Dodge: Dodged            |    42 |    81 ||   123

Table legend: (Time is in decaauts)
 A = Elapsed time spent in this place.
 B = Non-inter-level travel time spent in this place.
 C = Inter-level travel time spent in this place.
 D = Time resting spent in this place.
 E = Time spent auto-exploring this place.
 F = Levels seen in this place.
 G = Mean time per level.
                   A        B        C        D        E       F      G
               +--------+--------+--------+--------+--------+-----+--------+
         Total |   3472 |   3189 |    283 |    394 |   2307 |   4 |  868.0 |
       Dungeon |   3472 |   3189 |    283 |    394 |   2307 |   4 |  868.0 |
               +--------+--------+--------+--------+--------+-----+--------+

Top non-repeatable levels by time:
     D:3: 1543 daAuts
     D:2: 978 daAuts
     D:1: 761 daAuts
     D:4: 189 daAuts
